 Dungeon Crawl Stone Soup version 0.28-a0-1114-g8eb0198dcf (webtiles) character file.

Game seed: 7507314216885025910

42 ChaosChampion the Insei (level 3, -1/23 HPs)
             Began as an Octopode Transmuter on Dec 11, 2021.
             Was a Follower of Fedhas.
             Slain by a worm (6 damage)
             ... on level 2 of the Dungeon.
             The game lasted 00:02:11 (1272 turns).

ChaosChampion the Insei (Octopode Transmuter)       Turns: 1272, Time: 00:02:12

Health: -1/23      AC:  1    Str:  9    XL:     3   Next: 54%
Magic:  5/6        EV: 13    Int: 17    God:    Fedhas [*.....]
Gold:   120        SH:  0    Dex: 12    Spells: 5/6 levels left

rFire   . . .      SeeInvis .     - Unarmed
rCold   . . .      Faith    .   (no shield)
rNeg    . . .      Spirit   .   (helmet currently unavailable)
rPois   .          Reflect  .   (no amulet)
rElec   .          Harm     .   (no ring)
rCorr   .          Rampage  .   (no ring)
Will    .....                   (no ring)
Stlth   ++........              (no ring)
HPRegen 0.07/turn               (no ring)
MPRegen 0.10/turn               (no ring)
                                (no ring)
                                (no ring)

@: lethally poisoned (-1 -> -2), appendages
A: tentacle spike 3, almost no armour, amphibious, 8 rings, camouflage 1,
gelatinous body 1, (nimble swimmer 1), tentacles
a: End Transformation, Renounce Religion


You were on level 2 of the Dungeon.
You worshipped Fedhas.
Fedhas was aware of your devotion.
One of your tentacles had grown a beastly spike.
You visited 1 branch of the dungeon, and saw 2 of its levels.

You collected 120 gold pieces.

Inventory:

Scrolls
 a - a scroll of holy word {unknown}
 b - a scroll of teleportation {unknown}
Potions
 c - a potion of might {unknown}
 d - a potion of lignification {unknown}


   Skills:
 - Level 1.0 Fighting
 - Level 2.0 Dodging
 * Level 4.4 Unarmed Combat
 - Level 2.0 Spellcasting
 - Level 2.0 Transmutations


You had 5 spell levels left.
You knew the following spells:

 Your Spells              Type           Power      Damage    Failure   Level
a - Beastly Appendage     Tmut           16%        N/A       9%          1

Your spell library contained the following spells:

 Spells                   Type           Power      Damage    Failure   Level
 Wereblood                Tmut           8%         N/A       13%         2
 Spider Form              Tmut/Pois      5%         N/A       36%         3
 Ice Form                 Ice/Tmut       5%         N/A       77%         4


Dungeon Overview and Level Annotations

Branches:
Dungeon (2/15)

Altars:
Fedhas


Innate Abilities, Weirdness & Mutations

One of your tentacles has grown a beastly spike.
You cannot wear most types of armour.
You are amphibious.
You can wear up to eight rings at the same time.
Your skin changes colour to match your surroundings (Stealth+).
Your rubbery body absorbs attacks. (AC +1, EV +1)
((You are camouflaged near water. (Stealth+)))
You have tentacles for arms and can constrict up to eight enemies at once.


Message History

You climb downwards.
Found 15 gold pieces.
There is a stone staircase leading up here.
You open the door.
There is an open door here.
You start waiting.
Done waiting.
A worm comes into view.
An adder and a rat come into view.
Found 8 gold pieces.
The adder hisses angrily.
You see here 15 gold pieces.
You now have 120 gold pieces (gained 15).
Casting: Beastly Appendage (safe; 9% risk of failure)
Confirm with . or Enter, or press ? or * to list all spells.
One of your tentacles grows a vicious spike.
The adder barely misses you.
You closely miss the adder. Your grab misses the adder.
Your tentacle spike misses the adder.
The adder bites you. x2
You are poisoned.
The adder poisons you!
You tentacle-slap the adder but do no damage.
You grab the adder.
Your tentacle spike misses the adder.
You constrict the adder.
You feel sick. The adder bites you.
You tentacle-slap the adder.
Your tentacle spike misses the adder.
You squeeze the adder.
The adder is severely wounded.
You constrict the adder.
You feel sick. The worm bites you. The adder completely misses you.
You are too injured to fight recklessly!
You barely miss the adder.
Your tentacle spike misses the adder.
You squeeze the adder.
You kill the adder!
Fedhas appreciates your contribution to the ecosystem.
You feel sick.
You tentacle-slap the worm. Your grab misses the worm.
The worm is lightly wounded.
You feel sick. The worm bites you.
You die...
Fedhas appreciates your contribution to the ecosystem.

####### ####.....#
..#.###'#####
#.#.#.......#
#.#.#...<...+
####+#...#.......#
...........#######
...........#
.......@...#
......w†...#
...........#
...r.......#
...........#
......$....#
...........#
############


You could see a worm and a rat.

Vanquished Creatures
  An adder (D:2)
  2 dart slugs (D:1)
  A ball python (D:1)
  3 endoplasms (D:1)
  3 giant cockroaches (D:1)
  3 goblins (D:1)
  5 hobgoblins (D:1)
  A quokka (D:1)
  2 bats (D:1)
  A frilled lizard (D:1)
  A kobold (D:1)
  2 rats (D:1)
25 creatures vanquished.

Notes
Turn   | Place    | Note
-------+----------+-------------------------------------------
     0 | D:1      | ChaosChampion the Octopode Transmuter began the quest for
                  | the Orb.
     0 | D:1      | Reached XP level 1. HP: 13/13 MP: 3/3
   233 | D:1      | Reached XP level 2. HP: 14/18 MP: 3/5
   419 | D:1      | Found a faded altar of an unknown god.
   437 | D:1      | Prayed at the altar of an unknown god.
   437 | D:1      | Became a worshipper of Fedhas Madash
   437 | D:1      | Reached * piety under Fedhas
   546 | D:1      | Reached skill level 4 in Unarmed Combat
   690 | D:1      | Reached XP level 3. HP: 23/23 MP: 4/6
  1272 | D:2      | Slain by a worm

Illustrated notes

Levels and vault maps discovered:
D:1:      tarquinn_simple_flora_water_d, layout_loops_cross,
          hellmonk_ecumenical_altar_lost_god, minmay_quantized
D:2:      layout_basic, basic_altar, kennysheep_cross_room,
          kennysheep_generic_room_5

Skill      XL: |  1  2 |
---------------+-------+-----
Unarmed Combat | 4 |  4.4
Fighting       | |  1.0
Dodging        | |  2.0
Spellcasting   | |  2.0
Transmutations | |  2.0

Action                   || total
-------------------------++-------
Melee: Unarmed           ||    50
       Constrict         ||    14
       Kick              ||    10
       Tentacles         ||     6
       Punch             ||     1
 Cast: Beastly Appendage ||    16
 Stab: Sleeping          ||     3
Armor: Skin              ||     2
Dodge: Dodged            ||    24

Table legend: (Time is in decaauts)
 A = Elapsed time spent in this place.
 B = Non-inter-level travel time spent in this place.
 C = Inter-level travel time spent in this place.
 D = Time resting spent in this place.
 E = Time spent auto-exploring this place.
 F = Levels seen in this place.
 G = Mean time per level.
                   A        B        C        D        E       F      G
               +--------+--------+--------+--------+--------+-----+--------+
         Total |   1268 |   1235 |     33 |    198 |    856 |   2 |  634.0 |
       Dungeon |   1268 |   1235 |     33 |    198 |    856 |   2 |  634.0 |
               +--------+--------+--------+--------+--------+-----+--------+

Top non-repeatable levels by time:
     D:1: 1148 daAuts
     D:2: 120 daAuts
